General information
- name: grudge14
- type: Ladder 1vs1/FFA
- host: BEAR_AND
- saver: BEAR_AND
map: FrozenHarvest
- players: 6
- length: 34:44
- speed: Fast
- version: 1.21 W3XP
- replay type:

» download(126 KB)
Players
team 1 (loser)
WWGT]MekkaGobb (
green | 148 APM | 5141 actions | 34:43)
6 Far Seer
3 Feral Spirit
2 Chain Lighting
1 Earth Quake
4 Tauren Chieftain
2 War Stomp
2 Endurance Aura
» actions
| Assign group hotkey | 171 | |
| Basic commands | 11 | |
| Build / train | 102 | |
| ESC pressed | 5 | |
| Enter build submenu | 20 | |
| Enter hero's abilities submenu | 10 | |
| Give item / drop item | 21 | |
| Remove unit from queue | 8 | |
| Right click | 2182 | |
| Select / deselect | 675 | |
| Select group hotkey | 1715 | |
| Use ability | 221 | |
5141 total
» units
| Peon | 7 | |
| Grunt | 7 | |
| Raider | 9 | |
| Spirit Walker | 3 | |
| Troll Batrider | 21 | |
47 total
» upgrades
| Berserker Strength | 1 | |
| Ensnare | 1 | |
| Spirit Walker Training | 2 | |
| Pillage | 1 | |
5 total
» buildings
| Altar of Storms | 1 | |
| Orc Burrow | 6 | |
| Barracks | 1 | |
| Voodoo Lounge | 2 | |
| Stronghold | 3 | |
| Spirit Lodge | 1 | |
| Beastiary | 2 | |
| Fortress | 2 | |
| Great Hall | 3 | |
| War Mill | 1 | |
22 total
» build order
00:02 Altar of Storms
00:12 Orc Burrow
00:52 Barracks
01:25 Orc Burrow
03:04 Voodoo Lounge
03:17 Stronghold
03:17 Stronghold
03:51 Orc Burrow
05:50 Spirit Lodge
05:52 Beastiary
06:32 Orc Burrow
08:24 Orc Burrow
11:22 Beastiary
11:24 Orc Burrow
12:10 Fortress
12:11 Fortress
13:18 Great Hall
14:26 War Mill
16:53 Great Hall
22:53 Voodoo Lounge
25:44 Great Hall
» items
| Healing Salve | 6 | |
| Lesser Clarity Potion | 3 | |
| Scroll of Speed | 3 | |
| Scroll of Town Portal | 3 | |
| Scroll of Healing | 1 | |
| Potion of Lesser Invulnerability | 1 | |
17 total
team 2 (winner)
WWGT]Diana (
yellow | 83 APM | 2895 actions | 34:44)
9 Dreadlord
3 Sleep
3 Vampiric Aura
2 Carrion Swarm
1 Inferno
» actions
| Assign group hotkey | 27 | |
| Basic commands | 187 | |
| Build / train | 74 | |
| Enter build submenu | 20 | |
| Enter hero's abilities submenu | 9 | |
| Give item / drop item | 5 | |
| Remove unit from queue | 1 | |
| Right click | 1413 | |
| Select / deselect | 465 | |
| Select group hotkey | 621 | |
| Use ability | 73 | |
2895 total
» units
| Acolyte | 4 | |
| Ghoul | 16 | |
| Frost Wyrm | 9 | |
| Crypt Fiend | 7 | |
36 total
» upgrades
| Creature Attack | 2 | |
| Creature Carapace | 1 | |
| Freezing Breath | 1 | |
| Web | 2 | |
6 total
» buildings
| Crypt | 1 | |
| Ziggurat | 9 | |
| Altar of Darkness | 1 | |
| Tomb of Relics | 1 | |
| Nerubian Tower | 2 | |
| Halls of the Dead | 1 | |
| Graveyard | 1 | |
| Black Citadel | 1 | |
| Sacrificial Pit | 1 | |
| Boneyard | 2 | |
| Spirit Tower | 2 | |
22 total
» build order
00:07 Crypt
00:10 Ziggurat
00:36 Altar of Darkness
00:53 Tomb of Relics
01:20 Ziggurat
02:13 Nerubian Tower
03:19 Halls of the Dead
03:52 Ziggurat
04:26 Graveyard
05:21 Nerubian Tower
06:49 Black Citadel
06:54 Sacrificial Pit
07:28 Ziggurat
09:32 Boneyard
09:53 Ziggurat
10:55 Boneyard
12:26 Spirit Tower
14:14 Ziggurat
17:30 Ziggurat
24:02 Ziggurat
33:04 Ziggurat
33:22 Spirit Tower
» items
| Scroll of Town Portal | 5 | |
| Boots of Speed | 1 | |
| Tome of Retraining | 1 | |
| Orb of Corruption | 1 | |
| Potion of Mana | 2 | |
| Circlet of Nobility | 1 | |
11 total
observersBEAR_AND,
theqat,
dirtmcwordup,
fineX. Chat log
(00:27 / All) WWGT]MekkaGobb: gl h
(00:28 / All) WWGT]MekkaGobb: f
(00:43 / All) WWGT]MekkaGobb: aheh
(02:52 / Observers) theqat: bravo
(05:22 / Observers) BEAR_AND: this camp mega imba items
(05:38 / Observers) theqat: c
(05:41 / Observers) fineX.: wow
(06:04 / Observers) BEAR_AND: why spirit lodge vs ud????????
(06:17 / Observers) BEAR_AND: chainwave + wyvs
(07:06 / All) WWGT]Diana: did that camp drop no items?
(07:09 / All) WWGT]Diana: ty mata
(07:11 / Observers) BEAR_AND: yep
(07:12 / Observers) BEAR_AND: it's broken
(07:18 / Observers) theqat: :(
(07:30 / Observers) BEAR_AND: or maybe green went bm second
(07:32 / Observers) BEAR_AND: .......
(08:50 / Observers) theqat: hahaha
(08:53 / Observers) theqat: infinite sleep
(09:12 / All) WWGT]Diana: tp
(09:13 / All) WWGT]Diana: tp
(09:13 / All) WWGT]Diana: tp
(09:14 / All) WWGT]Diana: tp
(09:14 / All) WWGT]Diana: tp
(09:15 / All) WWGT]Diana: tp
(09:16 / All) WWGT]Diana: tp
(09:21 / Observers) fineX.: a bit late on the tp
(09:22 / All) WWGT]MekkaGobb: goonrush?
(09:29 / Observers) theqat: rude!
(09:29 / Observers) fineX.: didnt goonrush get disq.
(09:32 / Observers) BEAR_AND: yes
(09:32 / Observers) dirtmcwordup: yeah
(09:35 / Observers) dirtmcwordup: i knocked that faggot out
(09:37 / Observers) fineX.: so how can he be goonrush
(09:39 / Observers) BEAR_AND: not disqualified, he forfeit
(09:45 / Observers) dirtmcwordup: no
(09:47 / Observers) dirtmcwordup: i beat him x2
(09:50 / Observers) fineX.: so you are
(09:52 / Observers) fineX.: whatshisface
(09:52 / Observers) BEAR_AND: well
(09:54 / Observers) BEAR_AND: yeah kind of
(09:55 / Observers) dirtmcwordup: i was just kind enough to call first game a draw
(09:59 / Observers) dirtmcwordup: and let him forfeit
(10:03 / Observers) dirtmcwordup: honorable discharg.e..
(10:15 / Observers) dirtmcwordup: like when ceo gets caught stealing and is allowed to resign
(10:30 / Observers) BEAR_AND: he went wolves at 3 instead of l2 lightning?
(10:49 / Observers) BEAR_AND: wyrms
(10:53 / Observers) theqat: boots of speed as a camp drop?
(10:58 / Observers) BEAR_AND: not uncommon
(11:04 / Observers) fineX.: seen it in ladder maps
(11:21 / Observers) theqat: just wondering if it was that or if he was passing between heroes
(12:45 / Observers) BEAR_AND: bats
(13:25 / Observers) BEAR_AND: bracers very good vs wyrm
(14:42 / Observers) BEAR_AND: yellow with 3 wyrms....what the hell
(15:08 / Observers) fineX.: green doesnt like upgrades
(15:54 / Observers) BEAR_AND: bats flanged
(16:26 / Observers) BEAR_AND: good pass
(16:41 / Observers) theqat: potionnnn
(17:19 / Observers) theqat: the answer to bats is more wyrms right
(17:27 / Observers) BEAR_AND: esp. with no coil
(17:34 / Observers) BEAR_AND: can you ensnare infernal
(17:43 / Observers) fineX.: yes i think so
(17:57 / Observers) fineX.: since ensnare is ability not spell
(18:03 / Observers) BEAR_AND: blink
(18:04 / Observers) BEAR_AND: dagger
(18:06 / Observers) theqat: hahaha
(18:06 / Observers) BEAR_AND: lol
(18:07 / Observers) fineX.: wow
(18:27 / Observers) theqat: man . . . this map's items
(18:42 / Observers) theqat: need a touchup
(19:37 / Observers) fineX.: yellow has better hero but green has better unit who will win
(19:54 / Observers) BEAR_AND: close food
(19:57 / Observers) BEAR_AND: no more inf
(20:33 / Observers) BEAR_AND: wow didn't think it was c/d;s
(20:57 / Observers) theqat: oh no zenedar
(21:04 / Observers) fineX.: flaunting his blink
(21:36 / Observers) theqat: triangle
(21:38 / Observers) theqat: almost . . .
(21:39 / Observers) BEAR_AND: impossible
(21:48 / Observers) BEAR_AND: doesn't knwo about immo hahaha
(22:26 / Observers) theqat: well wyrms might be better now that green gave up on bats
(23:06 / Observers) fineX.: how can the frost wyrm not lift up that little rock i dont get it
(24:24 / Observers) theqat: welp . . . dinner time
(24:35 / All) WWGT]Diana: must be a bad game
(25:36 / Observers) BEAR_AND: badt
(29:01 / Observers) BEAR_AND: oooh
(29:10 / Observers) fineX.: guerilla warfare
(30:22 / Observers) BEAR_AND: zen. can't tp
(30:26 / Observers) BEAR_AND: green could finish now
(30:50 / Observers) BEAR_AND: green has no tp
(30:53 / Observers) BEAR_AND: and't can't really expo
(31:00 / Observers) BEAR_AND: got revelald
(31:16 / Observers) fineX.: green's pillaging
(31:21 / Observers) BEAR_AND: oh wow
(31:56 / Observers) fineX.: its a race to destroy the base
(33:40 / Observers) fineX.: pillage
(33:52 / Observers) fineX.: isnt getting much though
(33:53 / Observers) BEAR_AND: mekka got no food
(34:00 / Observers) BEAR_AND: eq
(34:08 / Observers) BEAR_AND: that infenrla
(34:20 / Observers) BEAR_AND: hahahah "wooooo"
(34:37 / All) WWGT]MekkaGobb: gg
(34:38 / Observers) fineX.: cant replace his fs
(34:42 / All) WWGT]Diana: gg